 Dungeon Crawl Stone Soup version 0.31-a0-740-g87205ac768 (webtiles) character file.

Game seed: 4145149633962208280

1868 12sPaWn12 the Shield-Bearer (level 9, -3/54 HPs)
             Began as a Gargoyle Fighter on June 3, 2023.
             Slain by a human
             ... wielding a +1 heavy hand axe
              (5 damage)
             ... in a bailey on Sept 12, 2023.
             The game lasted 00:12:49 (6215 turns).

12sPaWn12 the Shield-Bearer (Gargoyle Fighter)      Turns: 6215, Time: 00:12:49

Health: -3/54      AC: 23    Str: 24    XL:     9   Next: 13%
Magic:  9/9        EV:  6    Int:  7    God:
Gold:   384        SH:  9    Dex:  9    Spells: 8/8 levels left

rFire   + + .        j - +0 spear "Beaph" {holy, rElec rPois rF+ Int-2}
rCold   . . .        l - +0 kite shield
rNeg    + . .        A - +0 plate armour
rPois   ∞            q - +1 hat
rElec   +            x - scarf {repulsion}
rCorr   .            (no gloves)
SInv    .            r - +2 pair of boots
Will    .....        (no amulet) Stlth
                     i - ring of protection from fire
HPRegen 0.29/turn    (no ring)
MPRegen 0.11/turn

%: repel missiles
@: no status effects
A: sickness immunity, AC +6, negative energy resistance 1, electricity
resistance, torment resistance 1, petrification resistance, wild magic 1
a: no special abilities


You were in a bailey.
You visited 1 branch of the dungeon, and saw 7 of its levels.
You also visited: Bailey.

You collected 384 gold pieces.

Inventory:

Hand Weapons
 a - a +0 flail
 j - the +0 spear "Beaph" (weapon) {holy, rElec rPois rF+ Int-2}
   (You found it on level 2 of the Dungeon)

   Int-2:     It affects your intelligence (-2).
   rF+:       It protects you from fire.
   rElec:     It insulates you from electricity.
   rPois:     It protects you from poison
Armour
 l - a +0 kite shield (worn)
 q - a +1 hat (worn)
 r - a +2 pair of boots (worn)
 x - a scarf of repulsion (worn)
 A - a +0 plate armour (worn)
Jewellery
 i - a ring of protection from fire (left hand)
 n - a ring of fire
 u - a +5 ring of evasion
 w - a +4 ring of protection
 z - a ring of positive energy
Wands
 b - a wand of charming (7)
Scrolls
 c - 3 scrolls of identify
 e - a scroll of teleportation
 f - a scroll of fear
 g - a scroll of immolation
 m - a scroll of poison
Potions
 d - 2 potions of degeneration {unknown}
 h - 5 potions of curing {unknown}
 o - 2 potions of berserk rage {unknown}
 p - a potion of mutation
 t - a potion of lignification {unknown}
 v - a potion of attraction {unknown}
 B - a potion of resistance {unknown}


   Skills:
 * Level 5.3 Fighting
 * Level 4.4 Maces & Flails
 * Level 5.5 Polearms
 * Level 6.0 Armour
 * Level 2.8 Dodging
 * Level 6.6 Shields


You had 8 spell levels left.
You didn't know any spells.
Your spell library contained the following spells:

 Spells                   Type           Power      Damage    Failure   Level
 Apportation              Tloc           0%         N/A       100%        1
 Necrotise                Necr           0%         1d4       100%        1
 Summon Small Mammal      Summ           0%         N/A       100%        1
 Vampiric Draining        Necr           0%         2d6       100%        3
 Dispel Undead            Necr           0%         3d6       100%        4
 Agony                    Necr           0%         N/A       100%        5
 Death Channel            Necr           0%         N/A       100%        6
 Maxwell's Capacitive Co  Air            0%         ∞         100%        8
 Chain Lightning          Conj/Air       0%         N/A       100%        9
 Fire Storm               Conj/Fire      0%         5d1       100%        9
 Shatter                  Erth           0%         3d5*      100%        9
 Cigotuvi's Dreadful Rot  Necr/Pois/Air  Unusable   N/A       N/A         2

Dungeon Overview and Level Annotations

Branches:
Dungeon (7/15)             Temple (0/1) D:6          Bailey (1/1)

Altars:
Gozag
Makhleb
Uskayaw

Shops:
D:5 ?


Innate Abilities, Weirdness & Mutations

You are immune to sickness and miasma.
Your stone body is resilient. (AC +6)
You are immune to poison.
You resist negative energy. (rN+)
You are resistant to electric shocks. (rElec)
You are resistant to unholy torment.
You are immune to petrification.
Your spells are a little harder to cast, but a little more powerful.


Message History

The human is moderately wounded.
The human hits you but does no damage.
You hit the human.
The human is heavily wounded.
The human closely misses you.
You hit the human but do no damage.
The human is heavily wounded.
You hit the human but do no damage.
The human is heavily wounded.
You block the human's attack.
You closely miss the human.
The human is heavily wounded.
You block the human's attack.
You hit the human.
The human is heavily wounded.
The human hits you with a +1 heavy hand axe.
* * * LOW HITPOINT WARNING * * *
You barely miss the human.
The human is heavily wounded.
You feel yourself slow down.
The human hits you with a +1 heavy hand axe.
* * * LOW HITPOINT WARNING * * *
You closely miss the human.
The human is heavily wounded.
You block the human's attack.
You hit the human.
The human is heavily wounded.
You block the human's attack.
You closely miss the human.
The human is heavily wounded.
You block the human's attack.
The human hits you with a +1 heavy hand axe.
* * * LOW HITPOINT WARNING * * *
You hit the human but do no damage.
The human is heavily wounded.
The human hits you but does no damage.
You hit the human but do no damage.
The human is heavily wounded.
The human hits you with a +1 heavy hand axe.
You die...

#####
##...##
#.....#
#.∩.∩.#
#.....#
##.p@##
#+#p#
#g.
#...
#...#
#...#
##..#
..#


You could see 2 humans and a gnoll.

Vanquished Creatures
  Grinder (D:6)
  Eustachio (D:6)
  A human (Bailey)
  A sky beast (D:7)
  2 ogres (D:6)
  A black bear (D:5)
  2 centaurs
  A phantom (D:5)
  A scorpion (D:4)
  2 howler monkeys
  A hound (D:5)
  A jelly (D:5)
  2 orc priests
  3 iguanas
  7 orc wizards
  6 adders
  A shadow imp (D:7)
  2 ufetubi
  2 worms
  2 dart slugs
  31 orcs
  5 ball pythons
  4 endoplasms
  A giant cockroach (D:1)
  7 goblins
  7 hobgoblins
  18 jackals
  3 kobolds
  4 quokkas
  7 bats
  4 frilled lizards
  6 rats
137 creatures vanquished.

Vanquished Creatures (others)
  A water moccasin (D:7)
  An orc (D:7)
2 creatures vanquished.

Grand Total: 139 creatures vanquished

Notes
Turn   | Place    | Note
-------+----------+-------------------------------------------
     0 | D:1      | 12sPaWn12 the Gargoyle Fighter began the quest for the Orb.
     0 | D:1      | Reached XP level 1. HP: 14/14 MP: 1/1
   291 | D:1      | Reached XP level 2. HP: 19/19 MP: 2/2
   806 | D:2      | Reached XP level 3. HP: 15/24 MP: 3/3
   957 | D:2      | Identified the +0 spear "Beaph" {holy, rElec rPois rF+
                  | Int-2}
  1313 | D:2      | Found an opulent altar of Gozag.
  1493 | D:2      | Reached XP level 4. HP: 29/29 MP: 4/4
  2643 | D:4      | Reached skill level 1 in Polearms
  2643 | D:4      | Reached skill level 1 in Dodging
  2643 | D:4      | Reached XP level 5. HP: 14/33 MP: 5/5
  3079 | D:4      | Reached XP level 6. HP: 16/38 MP: 6/6
  3368 | D:4      | Found a burning altar of Makhleb.
  3536 | D:5      | Entered Level 5 of the Dungeon
  3538 | D:5      | Noticed a black bear
  3605 | D:5      | Killed a black bear
  3708 | D:5      | Found Gatuplu's Magic Scroll Shoppe.
  3784 | D:5      | Found a hide-covered altar of Uskayaw.
  3968 | D:5      | Reached XP level 7. HP: 44/44 MP: 7/7
  4156 | D:5      | Gained mutation: Your spells are a little harder to cast,
                  | but a little more powerful. [potion of mutation]
  4276 | D:5      | Reached skill level 5 in Shields
  5034 | D:6      | Reached skill level 5 in Armour
  5062 | D:6      | Noticed Grinder
  5065 | D:6      | Paralysed by Grinder for 2 turns
  5092 | D:6      | Noticed Eustachio
  5095 | D:6      | Paralysed by Grinder for 4 turns
  5110 | D:6      | Reached XP level 8. HP: 42/48 MP: 8/8
  5116 | D:6      | Killed Grinder
  5153 | D:6      | Killed Eustachio
  5219 | D:6      | Reached skill level 5 in Fighting
  5718 | D:6      | Found a staircase to the Ecumenical Temple.
  5809 | D:7      | Upgraded the game from 0.31-a0-142-g31f6795574 to
                  | 0.31-a0-740-g87205ac768
  5849 | D:7      | HP: 2/49 [orc/+0 flail (7)]
  5852 | D:7      | Reached skill level 5 in Polearms
  5869 | D:7      | HP: 2/49 [orc wizard/+0 dagger (2)]
  6098 | D:7      | Reached XP level 9. HP: 44/54 MP: 9/9
  6099 | D:7      | Found a flagged portal.
  6130 | Bailey   | Entered a bailey
  6213 | Bailey   | HP: 1/54 [human/+1 heavy hand axe (4)]
  6215 | Bailey   | Slain by a human

Illustrated notes

Levels and vault maps discovered:
D:1:      ncdulo_smallfort, layout_loops_ring
D:2:      layout_loops_corners, basic_altar, minmay_tetromino_i2
D:3:      layout_loops_cross, nicolae_elevator_lobby_plus
D:4:      layout_gridville, amcnicky_altar_gilded, grunt_ministairs_12,
          kennysheep_generic_room_11
D:5:      layout_basic, nicolae_uskayaw_murder_on_the_dancefloor, serial_shops,
          nicolae_shop_tiny_waterfront
D:6:      layout_basic, minmay_temple_entry_fiery, uniq_eustachio, uniq_grinder
D:7:      layout_rooms, led_sif_pool, enter_bailey_5
Bailey:   bailey_axe_froggy_fort_hellmonk, bailey

Skill      XL: |  1  2  3  4  5  6  7  8 |
---------------+-------------------------+-----
Fighting       | 4 5 |  5.3
Polearms       | 1 2 3 5 |  5.5
Armour         | 4 5 6 |  6.0
Dodging        | 1 2 |  2.8
Shields        | 4 5 6 |  6.6
Maces & Flails | 3 4 |  4.4

Action                     |  1- 3 |  4- 6 |  7- 9 || total
---------------------------+-------+-------+-------++-------
  Melee: Flail             |    90 |       |       ||    90
         Spear             |    40 |   379 |   494 ||   913
    Use: Potion            |       |     1 |     8 ||     9
         Scroll            |       |     2 |     5 ||     7
 Armour: Scale mail        |    60 |   226 |    47 ||   333
         Plate armour      |       |       |   273 ||   273
  Dodge: Dodged            |    59 |   183 |   123 ||   365
  Block: Buckler           |    14 |       |       ||    14
         Kite shield       |    13 |   171 |   177 ||   361

Table legend: (Time is in decaauts)
 A = Elapsed time spent in this place.
 B = Non-inter-level travel time spent in this place.
 C = Inter-level travel time spent in this place.
 D = Time resting spent in this place.
 E = Time spent auto-exploring this place.
 F = Levels seen in this place.
 G = Mean time per level.
                   A        B        C        D        E       F      G
               +--------+--------+--------+--------+--------+-----+--------+
         Total |   6271 |   5958 |    313 |      0 |   4300 |   8 |  783.9 |
       Dungeon |   6211 |   5898 |    313 |      0 |   4298 |   7 |  887.3 |
        Bailey |     59 |     59 |      0 |      0 |      2 |   1 |   59.0 |
               +--------+--------+--------+--------+--------+-----+--------+

Top non-repeatable levels by time:
     D:5: 1316 daAuts
     D:4: 1031 daAuts
     D:2: 1027 daAuts
     D:6: 953 daAuts
     D:1: 823 daAuts
     D:3: 737 daAuts
     D:7: 319 daAuts
  Bailey: 59 daAuts
